AoeStats
← Rodrigo Lao Tse

Arabia

507304560Analyzed
1v1 RM · 15d ago on Sep 17, 2026· 44m 51s· 2 players
Game mode
Random Map
Map size
Tiny (2 player)
Population
200
Speed
Normal
Resources
Standard
Victory
Conquest
Starting age
Dark Age
Ending age
Imperial Age
RankedLock teamsTeams togetherTeam positionsShared explorationLock speedFull tech treeHidden civsTurbo modeCheats
Victory
Defeat
🇩🇪 Tatars · Germany
945
+14
🇨🇱 Britons · Chile
900
-31
mostl22
14:01 Feudal Age
12:21 Loom
15:08 Double-Bit Axe
19:53 Castle Age
24:07 Wheelbarrow
30:32 Bow Saw
31:20 Fletching
34:59 Bloodlines
34:50 Husbandry
35:36 Horse Collar
39:04 Imperial Age
37:40 Hand Cart
38:35 Scale Barding Armor
39:22 Forging
41:11 Elite Steppe Lancer
42:23 Conscription
43:10 Chain Barding Armor
Rodrigo Lao Tse
9:57 Feudal Age
14:42 Double-Bit Axe
18:51 Wheelbarrow
21:12 Horse Collar
25:58 Castle Age
24:01 Loom
29:40 Pikeman
30:32 Elite Skirmisher
31:08 Arson
31:25 Squires
33:27 Fletching
34:05 Stone Mining
34:47 Hand Cart
Connection lost

Rejoining the realm…

Still unreachable

The connection could not be restored.

Session expired

The server has moved on; the page needs a fresh start.